 Dungeon Crawl Stone Soup version 0.18.1-48-g4cf74bf (webtiles) character file.

242 Gargoyl the Covered (level 5, -12/42 HPs)
             Began as a Demonspawn Abyssal Knight on Sept 6, 2016.
             Was a Believer of Lugonu.
             Mangled by an ogre
             ... wielding a +0 giant club
              (26 damage)
             ... on level 4 of the Dungeon.
             The game lasted 00:06:52 (4704 turns).

Gargoyl the Covered (Demonspawn Abyssal Knight)     Turns: 4704, Time: 00:06:52

Health: -12/42     AC:  9    Str: 13    XL:     5   Next: 81%
Magic:  16/16      EV:  9    Int: 16    God:    Lugonu [**....]
Gold:   191        SH:  0    Dex: 13    Spells: 0 memorised, 4 levels left

rFire  . . .     SeeInvis .     a - +1 hand axe
rCold  . . .     Gourm    .     q - +0 chain mail
rNeg   . . .     Faith    .     (no shield)
rPois  .         Spirit   .     (helmet restricted)
rElec  .         Dismiss  .     (no cloak)
rCorr  .         Reflect  .     (no gloves)
SustAt .         Harm     .     (no boots)
MR     .....                    (no amulet)
Stlth  ..........               n - ring of magical power
                                j - +3 ring of intelligence

@: hasted, very quick, not resistant to hostile enchantments, extremely
unstealthy
A: antennae 1, repulsion field 2
a: Depart the Abyss, Bend Space, Renounce Religion


You were on level 4 of the Dungeon.
You worshipped Lugonu.
Lugonu was pleased with you.
You were very hungry.

You visited 1 branch of the dungeon, and saw 4 of its levels.
You visited the Abyss 1 time.

You collected 191 gold pieces.

Inventory:

Hand Weapons
 a - a +1 hand axe (weapon)
Missiles
 e - 3 tomahawks
 p - 2 poisoned javelins (quivered)
Armour
 i - a +0 helmet
 q - a +0 chain mail (worn)
Jewellery
 j - a +3 ring of intelligence (left hand)
 n - a ring of magical power (right hand)
 w - an uncursed ring of fire {unknown}
Scrolls
 b - a scroll of fog {unknown}
 g - a scroll of teleportation {unknown}
 h - 4 scrolls of identify {unknown}
 l - a scroll of enchant weapon {unknown}
 s - a scroll of blinking {unknown}
 u - 2 scrolls of remove curse {unknown}
 x - a scroll of immolation {unknown}
Potions
 m - a potion of curing {unknown}
 t - a potion of degeneration {unknown}
 v - a potion of flight {unknown}
 z - a potion of magic {unknown}
Comestibles
 c - 2 bread rations
 d - a slice of pizza
 f - 2 meat rations
 o - 5 fruits
 r - a beef jerky


   Skills:
 + Level 3.8 Fighting
 + Level 2.7 Axes
 * Level 4.1 Armour
 + Level 1.6 Dodging
 + Level 1.0 Stealth
 + Level 2.7 Invocations


You had 4 spell levels left.
You didn't know any spells.

Dungeon Overview and Level Annotations

Branches:
Dungeon (4/15)
 Temple: D:4-7

Altars:
Cheibriados
Gozag
Kikubaaqudgha
Makhleb
Pakellas
Vehumet
Xom

Shops:
D:4 }


Innate Abilities, Weirdness & Mutations

You have a pair of small antennae on your head.
You are surrounded by a moderate repulsion field (EV +3).


Message History

There is a stone staircase leading down here.
You are feeling very hungry.
There is an open door here.
You sense a monster nearby.
An ogre comes into view. It is wielding a giant club.
The ogre shouts!
You hit the ogre.
The ogre is lightly wounded.
The ogre barely misses you.
You hit the ogre.
The ogre is moderately wounded.
The ogre hits you with a giant club!
You barely miss the ogre.
The ogre is moderately wounded.
The ogre hits you with a giant club!!
Drink which item? (? for menu, Esc to quit)
It was a potion of haste.
You feel yourself speed up. The ogre hits you with a giant club!!
Ouch! That really hurt!
You die...

## ###
#.##########.#
#...O@.......# ###
#.##########.#
#.### #. #.#
###...# .# #.
########.#
.##.#.#..###.
.........#######
.##.#.#......
.........#.....#
.##.#.#..####
.........#.....###
....#.#......
...............+..
.####......#
....####.#.....###


You could see an ogre.

Vanquished Creatures
  A hound (D:4)
  Terence (D:3)
  2 orc wizards (D:3)
  A worker ant (D:4)
  3 adders
  3 oozes
  3 worms
  4 giant geckos
  7 orcs (D:3)
  7 bats
  5 giant cockroaches
  4 goblins
  3 hobgoblins
  10 kobolds
  2 ball pythons
  2 giant newts
  5 rats
63 creatures vanquished.

Notes
Turn   | Place    | Note
--------------------------------------------------------------
     0 | Abyss:1  | Gargoyl the Demonspawn Abyssal Knight began the quest for the Orb.
     0 | Abyss:1  | Reached XP level 1. HP: 18/18 MP: 2/2
   243 | Abyss:2  | Noticed a thrashing horror
   245 | D:1      | Escaped the Abyss
   780 | D:1      | Gained mutation: You are surrounded by a mild repulsion field (EV +2). [demonic ancestry]
   780 | D:1      | Reached XP level 2. HP: 21/24 MP: 3/3
   987 | D:1      | Reached skill level 2 in Armour
  1256 | D:2      | Reached * piety under Lugonu
  1474 | D:2      | Gained mutation: You are surrounded by a moderate repulsion field (EV +3). [demonic ancestry]
  1474 | D:2      | Reached XP level 3. HP: 22/29 MP: 5/5
  1556 | D:2      | Found a snail-covered altar of Cheibriados.
  1564 | D:2      | Found an opulent altar of Gozag.
  1600 | D:2      | Found a radiant altar of Vehumet.
  1612 | D:2      | Reached skill level 1 in Dodging
  1889 | D:2      | Found a shimmering altar of Xom.
  1889 | D:2      | Found a burning altar of Makhleb.
  2140 | D:3      | Reached ** piety under Lugonu
  2140 | D:3      | Reached XP level 4. HP: 15/36 MP: 6/6
  2525 | D:3      | Reached skill level 3 in Armour
  2527 | D:3      | Found an ancient bone altar of Kikubaaqudgha.
  3101 | D:3      | Noticed Terence
  3118 | D:3      | Reached skill level 1 in Stealth
  3118 | D:3      | Gained mutation: You have a pair of small antennae on your head. [demonic ancestry]
  3118 | D:3      | Reached XP level 5. HP: 17/41 MP: 7/7
  3190 | D:3      | Killed Terence
  4159 | D:4      | Reached skill level 4 in Armour
  4497 | D:4      | Found an oddly glowing altar of Pakellas.
  4497 | D:4      | Found Pakellas's Prime Provisions.
  4697 | D:4      | Noticed an ogre
  4704 | D:4      | Mangled by an ogre

Skill      XL: |  1  2  3  4  5 |
---------------+----------------+-----
Armour         | 2 3 4 |  4.1
Axes           | 2 |  2.7
Dodging        | 1 |  1.6
Stealth        | 1 |  1.0
Fighting       | |  3.8
Invocations    | |  2.7

Action                   |  1- 3 |  4- 6 || total
-------------------------+-------+-------++-------
Melee: Hand axe          |   124 |   204 ||   328
Invok: Depart the Abyss  |     1 |       ||     1
  Use: Potion            |     1 |     2 ||     3
  Eat: Chunk             |     4 |     8 ||    12
Armor: Ring mail         |    68 |       ||    68
       Chain mail        |       |   125 ||   125
Dodge: Dodged            |   130 |   100 ||   230
